Match 45860956
Unlisted

Match 45860956
End
Kettenkrad Recon Vehicle
Construct Infanterie Kompanie
Selects Breakthrough Battlegroup
Selects Assault Grenadiers
Grenadier Squad
Grenadier Squad
GrW 34 Mortar Team
Medical Station
Grenadier Squad
MG 42 Machine Gun Team
Construct Luftwaffe Kompanie
Selects Rapid Production
Selects Breakthrough
Support Elements
Marder III M Tank Destroyer
Marder III M Tank Destroyer
Marder III M Tank Destroyer
221 Scout Car
Construct Panzergrenadier Kompanie
Selects Blitzkrieg
Nebelwerfer 42 Rocket Launcher Team
Nebelwerfer 42 Rocket Launcher Team
Selects Panzer IV Command Tank Sd.Kfz. 161/1
Forward Retreat Point
Breakthrough
Nebelwerfer 42 Rocket Launcher Team
Marder III M Tank Destroyer
Pioneer Squad
Medical Bunker
Panzer IV Command Tank
Pioneer Squad
Blitzkrieg
Breakthrough
laconi76
Oncle-Hô
병장 장성호
AliReZaHBk
Wolkenfeuer
那晚她才16
还可以
咚咚锵
0
0

Comments sign in to comment!

No comments posted yet!